 Dungeon Crawl Stone Soup version 0.29-a0-1052-g6990b1bffc (webtiles) character file.

Game seed: 7699819857632515547

190 Lekart the Trooper (level 5, -2/46 HPs)
             Began as a Draconian Fighter on Aug 17, 2022.
             Killed from afar by an orc wizard (14 damage)
             ... with a puff of flame
             ... on level 2 of the Dungeon.
             The game lasted 00:04:17 (3503 turns).

Lekart the Trooper (Draconian Fighter)              Turns: 3503, Time: 00:04:17

Health: -2/46      AC:  8    Str: 21    XL:     5   Next: 41%
Magic:  5/5        EV: 12    Int:  8    God:
Gold:   72         SH:  4    Dex: 10    Spells: 4/4 levels left

rFire   . . .      SeeInvis .   a - +0 long sword
rCold   . . .      Faith    .   b - +0 buckler
rNeg    . . .      Spirit   .   (body armour unavailable)
rPois   .          Reflect  .   (helmet restricted)
rElec   .          Harm     .   (no cloak)
rCorr   .          Rampage  .   (no gloves)
Will    .....                   l - +2 pair of boots
Stlth   +.........              (no amulet)
HPRegen 0.15/turn               (no ring)
MPRegen 0.09/turn               (no ring)

@: no status effects
A: AC +5, unfitting armour, cold-blooded
a: no special abilities


You were on level 2 of the Dungeon.
You visited 1 branch of the dungeon, and saw 3 of its levels.

You collected 72 gold pieces.

Inventory:

Hand Weapons
 a - a +0 long sword (weapon)
Missiles
 c - 6 datura-tipped darts (quivered)
Armour
 b - a +0 buckler (worn)
 l - a +2 pair of boots (worn)
Jewellery
 d - a ring of protection from cold
Scrolls
 h - a scroll of blinking
Potions
 e - a potion of haste
 g - 3 potions of flight
 i - a potion of curing


   Skills:
 + Level 4.2 Fighting
 + Level 3.7 Long Blades
 + Level 3.7 Dodging
 + Level 3.6 Shields


You had 4 spell levels left.
You didn't know any spells.
Your spell library contained the following spells:

 Spells                   Type           Power      Damage    Failure   Level
 Magic Dart               Conj           0%         1d3       50%         1
 Poisonous Vapours        Pois/Air       0%         N/A       65%         2
 Searing Ray              Conj           0%         2d4       65%         2
 Corpse Rot               Necr/Pois/Air  0%         N/A       99%         4
 Fulminant Prism          Conj/Hex       0%         3d6       99%         4


Dungeon Overview and Level Annotations

Branches:
Dungeon (3/15)

Altars:


Innate Abilities, Weirdness & Mutations

Your plain brown scales are hard. (AC +5)
You cannot fit into any form of body armour.
You are cold-blooded and may be slowed by cold attacks.


Message History

There is a stone staircase leading up here.
Something hits you but does no damage.
You climb upwards.
Reactivating autopickup.
There is a stone staircase leading down here.
You closely miss the orc. The orc barely misses you. Something hits you.
Deactivating autopickup; reactivate with Ctrl-A.
You closely miss the orc. The orc closely misses you.
You hear some strange, mumbled words.
A puff of flame appears from out of thin air!
The puff of flame hits you.
You slash the orc!
You kill the orc!
You block something's attack. Something hits you. Something hits you.
Things that are here:
a +0 flail; an orc corpse You hit something but do no damage.
Something hits you.
You hit something but do no damage.
You hear some strange, mumbled words.
A magic dart appears from out of thin air!
The magic dart hits you.
You hit something.
You hear some strange, mumbled words.
A magic dart appears from out of thin air!
The magic dart hits you.
You closely miss something.
Something hits you but does no damage. x2
You miss something. Something hits you.
You miss something. Something hits you.
You miss something. Something hits you but does no damage.
You barely miss something.
Your tail-slap misses something.
Something hits you. x2
* * * LOW HITPOINT WARNING * * *
You barely miss something.
You hear some strange, mumbled words.
Something tries to affect you, but you resist.
You barely miss something.
Your tail-slap misses something.
You hear some strange, mumbled words.
A puff of flame appears from out of thin air!
The puff of flame hits you!
You die...

#.###### #..............#
#.#....######################
#####.#..#.).....................
#........########################
#.....#..........................
#....[....................#......
#.....###################.#'#####
#####.# ##### #{>..#####........
#.# #...# #@)..(.....)....<.
#.####...# #......).......<..
#....#...# #..........#.#####
#....#...# #........†.#.#
#....#...###....#####.#.#
#..........>..........#.#
#...................#...#####
##...##############..........
#......<...# #...#######


There were no monsters in sight!

Vanquished Creatures
  Natasha (thrice) (D:2)
  Robin (D:2)
  5 gnolls
  A dart slug (D:1)
  An orc (D:2)
  6 ball pythons
  5 bats
  An endoplasm (D:1)
  3 giant cockroaches (D:1)
  6 hobgoblins
  A frilled lizard (D:1)
  16 goblins
  5 kobolds (D:1)
  5 rats (D:1)
59 creatures vanquished.

Notes
Turn   | Place    | Note
-------+----------+-------------------------------------------
     0 | D:1      | Lekart the Draconian Fighter began the quest for the Orb.
     0 | D:1      | Reached XP level 1. HP: 19/19 MP: 1/1
    32 | D:1      | Reached XP level 2. HP: 26/26 MP: 2/2
   527 | D:1      | Found a faded altar of an unknown god.
   664 | D:1      | Reached XP level 3. HP: 29/31 MP: 3/3
  1406 | D:2      | Reached XP level 4. HP: 13/40 MP: 4/4
  1853 | D:2      | Noticed Natasha
  1867 | D:2      | Killed Natasha
  2002 | D:2      | Identified the +10 whip of the Shoals {drain, *Slow rElec
                  | rN+ Dex+4}
  2064 | D:2      | Noticed Robin
  2073 | D:2      | Reached skill level 4 in Fighting
  2307 | D:2      | Killed Robin
  2656 | D:2      | Reached XP level 5. HP: 44/46 MP: 5/5
  2776 | D:2      | Noticed Natasha
  2792 | D:2      | Killed Natasha
  3407 | D:2      | Noticed Natasha
  3421 | D:2      | Killed Natasha
  3503 | D:2      | Killed from afar by an orc wizard

Illustrated notes

Levels and vault maps discovered:
D:1:      lightli_arrival_windingriver, layout_basic,
          hellmonk_ecumenical_altar_defaced_shrine, hex_large,
          minmay_pentomino_x4
D:2:      layout_basic, uniq_robin, uniq_natasha
D:3:      layout_loops_ring, minitemple, mainiacjoe_overflow_chevrons

Skill      XL: |  1  2  3  4 |
---------------+-------------+-----
Dodging        | 3 |  3.7
Long Blades    | 3 |  3.7
Fighting       | 4 |  4.2
Shields        | |  3.6

Action                   |  1- 3 |  4- 6 || total
-------------------------+-------+-------++-------
Melee: Long sword        |   107 |    98 ||   205
       Tailslap          |    13 |     9 ||    22
  Use: Potion            |     1 |     2 ||     3
       Scroll            |       |     5 ||     5
Armor: Skin              |    41 |    44 ||    85
Dodge: Dodged            |    69 |    74 ||   143
Block: Buckler           |    33 |    22 ||    55

Table legend: (Time is in decaauts)
 A = Elapsed time spent in this place.
 B = Non-inter-level travel time spent in this place.
 C = Inter-level travel time spent in this place.
 D = Time resting spent in this place.
 E = Time spent auto-exploring this place.
 F = Levels seen in this place.
 G = Mean time per level.
                   A        B        C        D        E       F      G
               +--------+--------+--------+--------+--------+-----+--------+
         Total |   3603 |   3493 |    110 |    666 |   2268 |   3 | 1201.0 |
       Dungeon |   3603 |   3493 |    110 |    666 |   2268 |   3 | 1201.0 |
               +--------+--------+--------+--------+--------+-----+--------+

Top non-repeatable levels by time:
     D:2: 1989 daAuts
     D:1: 1569 daAuts
     D:3: 43 daAuts
